 Dungeon Crawl Stone Soup version 0.30-a0-778-g2ef04afb54 (webtiles) character file.

Game seed: 5895073371183824160

22309 Shayle the Fighter (level 12, 0/97 HPs)
             Began as a Demonspawn Conjurer on Feb 16, 2023.
             Was a Believer of Ashenzari.
             Slain by a skeletal warrior
             ... wielding a +2 halberd of flaming
              (7 damage)
             ... in a volcano.
             The game lasted 01:04:42 (16995 turns).

Shayle the Fighter (Demonspawn Conjurer)           Turns: 16995, Time: 01:04:42

Health: 0/97       AC: 18    Str:  8    XL:     12   Next: 61%
Magic:  2/25       EV: 15    Int: 24    God:    Ashenzari [**....]
Gold:   794        SH:  5    Dex: 12    Spells: 16/30 levels left

rFire   . . .      SeeInvis +    r - +5 war axe "Beastbane" {spect, rN+}
rCold   . . .      Faith    .    (no shield)
rNeg    + . .      Spirit   .    M - +3 ring mail
rPois   .          Reflect  +    h - +2 helmet of Ashenzari's Insecurity {Self, Fort} (curse)
rElec   .          Harm     .    (no cloak)
rCorr   .          Rampage  .    s - +2 pair of gloves {hurl}
Will    .....                    (no boots)
Stlth   ++++                     v - amulet "Share My Suspicion" {Reflect SH+5, Cun, Elem} (curse)
HPRegen 0.36/turn                g - ring of the Eternal Planets {AC+4, Bglg, Melee} (curse)
MPRegen 0.19/turn                u - ring "Eternal Stickiness" {SInv, Elem, Melee} (curse)

@: mighty
A: foul stench 1, powered by death 1, sturdy frame 3, demonic touch 1
a: Renounce Religion, Shatter the Chains


You were in a volcano.
You worshipped Ashenzari.
Ashenzari was pleased with you.
You visited 3 branches of the dungeon, and saw 14 of its levels.
You also visited: Bailey and Volcano.

You collected 898 gold pieces.
You spent 104 gold pieces at shops.

Inventory:

Hand Weapons
 r - the +5 war axe "Beastbane" (weapon) {spect, rN+}
   (You found it on level 10 of the Dungeon)

   rN:        It protects you from negative energy.
 t - a +3 dagger
 z - a +6 trident of freezing
 L - a +2 whip of electrocution
 U - a +0 demon whip of venom
Missiles
 f - 2 throwing nets (quivered)
 l - 5 curare-tipped darts
Armour
 a - a +0 robe
 h - the cursed +2 helmet of Ashenzari's Insecurity (worn) {Self, Fort}
   (You found it on level 3 of the Dungeon)

   It has a curse which improves the following skills: Introspection: Fighting
   and Spellcasting.
   Fortitude: Armour and Shields.
 s - a +2 pair of gloves of hurling (worn)
 x - a +0 pair of gloves
 y - a +1 robe of cold resistance
 A - an orb of guile
 C - the +18 shield of the Gong {Loud rN+ Will+ rCorr EV-5}
   (You found it on level 7 of the Dungeon)

   Loud:      It is deafeningly noisy when blocking attacks.
   EV:        It affects your evasion (-5).
   rN:        It protects you from negative energy.
   rCorr:     It protects you from acid and corrosion.
   Will:      It increases your willpower.
 E - a +2 crystal plate armour
 M - a +3 ring mail (worn)
Jewellery
 g - the cursed ring of the Eternal Planets (left hand) {AC+4, Bglg, Melee}
   (You found it on level 3 of the Dungeon)

   [ring of protection]

   AC:        It affects your AC (+4).
   It has a curse which improves the following skills: Beguiling: Conjurations,
   Hexes and Translocations.
   Melee Combat: Short Blades, Long Blades, Axes, Maces & Flails, Polearms,
   Staves and Unarmed Combat.
 u - the cursed ring "Eternal Stickiness" (right hand) {SInv, Elem, Melee}
   (You found it on level 5 of the Dungeon)

   [ring of see invisible]

   SInv:      It lets you see invisible.
   It has a curse which improves the following skills: Elements: Fire Magic, Ice
   Magic, Air Magic and Earth Magic.
   Melee Combat: Short Blades, Long Blades, Axes, Maces & Flails, Polearms,
   Staves and Unarmed Combat.
 v - the cursed amulet "Share My Suspicion" (around neck) {Reflect SH+5, Cun, Elem}
   (You found it on level 5 of the Dungeon)

   [amulet of reflection]

   It reflects blocked missile attacks.
   SH:        It affects your SH (+5).
   It has a curse which improves the following skills: Cunning: Dodging and
   Stealth.
   Elements:  Fire Magic, Ice Magic, Air Magic and Earth Magic.
 F - an amulet of magic regeneration
 H - a ring of fire
 K - a ring of poison resistance
 R - a ring of positive energy
Wands
 m - a wand of flame (26)
 D - a wand of paralysis (8)
 J - a wand of mindburst (3)
Scrolls
 e - 5 scrolls of identify
 i - 2 scrolls of teleportation
 k - 4 scrolls of magic mapping
 n - 2 scrolls of silence
 o - 2 scrolls of immolation
 w - 4 scrolls of amnesia
 I - 3 scrolls of fear
 O - a scroll of blinking
 Q - 3 scrolls of enchant weapon
 T - a scroll of enchant armour
Potions
 c - 2 potions of ambrosia
 d - a potion of might
 j - 2 potions of lignification
 p - 2 potions of attraction
 q - 2 potions of haste
 B - 2 potions of brilliance
 G - a potion of magic
 N - a potion of berserk rage
 P - 2 potions of curing
 S - a potion of resistance


   Skills:
 + Level 8.5(9.8) Fighting
 + Level 1.1(2.0) Armour
 + Level 8.1(9.4) Dodging
 - Level 7.0(8.2) Stealth
 + Level 8.3(9.6) Spellcasting
 - Level 6.2(7.5) Conjurations
 + Level 7.7(9.0) Hexes
 + Level 6.6(8.5) Fire Magic
 + Level 6.6(8.5) Air Magic


You had 16 spell levels left.
You knew the following spells:

 Your Spells              Type           Power      Damage    Failure   Level
a - Magic Dart            Conj           100%       1d8       1%          1
b - Searing Ray           Conj           94%        2d7       1%          2
c - Dazzling Flash        Conj/Hex       100%       N/A       1%          3
d - Fulminant Prism       Conj/Hex       25%        3d14      1%          4
e - Iskenderun's Mystic   Conj/Tloc      29%        2d7       12%         4

Your spell library contained the following spells:

 Spells                   Type           Power      Damage    Failure   Level
 Sticky Flame             Conj/Fire      50%        2d7       1%          4
 Ignite Poison            Fire/Tmut/Pois 25%        N/A       4%          3
 Apportation              Tloc           24%        N/A       5%          1
 Beastly Appendage        Tmut           22%        N/A       5%          1
 Necrotise                Necr           44%        1d6       5%          1
 Summon Small Mammal      Summ           44%        N/A       5%          1
 Sublimation of Blood     Necr           11%        N/A       9%          2
 Wereblood                Tmut           11%        N/A       9%          2
 Spider Form              Tmut/Pois      11%        N/A       17%         3
 Irradiate                Conj/Tmut      14%        3d16      32%         5
 Petrify                  Tmut/Erth      12%        N/A       45%         4
 Olgreb's Toxic Radiance  Pois           11%        N/A       50%         4
 Ozocubu's Refrigeration  Ice            6%         4d8       100%        7
 Ignition                 Fire           25%        3d9       100%        8


Dungeon Overview and Level Annotations

Branches:
Dungeon (10/15)            Temple (1/1) D:5            Lair (3/5) D:10
  Snake (0/4) Lair:2          Orc (0/2) D:10         Bailey (visited)
Volcano (1/1)
  Swamp: Lair:2-3    Shoals: Lair:2-3

Altars:
Ashenzari
Cheibriados
Dithmenos
Fedhas
Gozag
Hepliaklqana
Kikubaaqudgha
Makhleb
Nemelex Xobeh
Okawaru
Qazlal
Ru
Sif Muna
Trog
Uskayaw
Vehumet
Wu Jian
Xom
Yredelemnul

Shops:
D:2 !   D:8 (

Annotations:
D:8 4 transporters, HilariousDeathArtist's ghost, novice MeGl
D:10 1 runed translucent door
Lair:1 1 runed translucent door, Lanacter's ghost, journeyman DsDe


Innate Abilities, Weirdness & Mutations

You may rarely emit foul miasma when damaged in melee.
You regenerate a little health from kills.
Your movements are significantly less encumbered by armour. (ER -6)
Your touch may inflict minor irresistible damage on your foes.


Message History

The gargoyle is lightly damaged.
The blast of energy engulfs the skeletal warrior!!
The skeletal warrior is moderately damaged.
The air gets thick with the scent of sulphur.
Things that are here:
a +4 morningstar; a +0 dire flail The helpless gargoyle fails to defend itself.
You hit the gargoyle but do no damage.
You touch the gargoyle!
The gargoyle is moderately damaged.
Your +5 war axe "Beastbane" {spect, rN+} hits the gargoyle!
The helpless gargoyle fails to defend itself.
You hit the gargoyle but do no damage.
The gargoyle is almost destroyed.
Your +5 war axe "Beastbane" {spect, rN+} hits the gargoyle!
You destroy the gargoyle!
In the distance, the volcano erupts with a roar.
The skeletal warrior barely misses you.
Aiming: Paralyse
Press: ? - help, Shift-Dir - straight line, f - skeletal warrior
Aim: a skeletal warrior, wielding a +2 halberd of flaming (moderately damaged, chance to affect: 1%)
Okay, then.
You feel very mighty all of a sudden.
The skeletal warrior hits you from afar with a +2 halberd of flaming!
The skeletal warrior burns you.
The skeletal warrior hits you with a +2 halberd of flaming.
The skeletal warrior burns you.
You see here a +0 dire flail.
You slash the skeletal warrior!
The skeletal warrior is moderately damaged.
Your +5 war axe "Beastbane" {spect, rN+} hits the skeletal warrior!
The skeletal warrior hits you with a +2 halberd of flaming!!
* * * LOW HITPOINT WARNING * * *
The skeletal warrior burns you!
* * * LOW HITPOINT WARNING * * *
The skeletal warrior misses you.
You feel better.
The skeletal warrior hits you with a +2 halberd of flaming!
* * * LOW HITPOINT WARNING * * *
The skeletal warrior burns you!
You die...

* * ≈§## * , ,, * ≈§§≈#*
+ ~ ~ ~ ≈§§≈≈## * * , , *
≈§≈§≈≈## *, *###'#
≈≈§§≈..### { ..⌠..#
≈§§§...#.##########.....#
§§§§....≈'...8....'.....#
≈§≈≈≈....'§.§..)@z'..∩..+
≈§.....§≈'...8..§.'.....#
.......#.##########.....+
* * .....##### ..⌠..#* ~
...### #####* ,~ ..## ###
*


You could see a skeletal warrior.

Vanquished Creatures
  Gastronok (Lair:2)
  A boulder beetle (Lair:2)
  Amaemon (Lair:2)
  An orc knight (Bailey)
  6 elephants (Lair:2)
  2 vault sentinels (D:7)
  Joseph (D:9)
  A black mamba (Lair:2)
  5 cane toads
  An orange demon (Lair:2)
  4 gargoyles
  3 komodo dragons
  A troll (D:10)
  A hornet (D:8)
  8 blink frogs
  3 flying skulls (Volcano)
  Sigmund (D:2)
  A vampire (D:9)
  A wyvern (D:8)
  14 yaks
  2 basilisks (Lair:1)
  3 steam dragons
  3 water moccasins
  An acid dragon (D:9)
  4 nagas (Lair:2)
  3 ice beasts
  7 orc warriors
  2 black bears
  A sky beast (D:6)
  2 ogres
  10 wolves
  2 centaurs
  4 phantoms
  2 kobold brigands
  6 bullfrogs
  A scorpion (D:4)
  2 gnoll sergeants
  5 necrophages
  17 wights
  10 killer bees
  2 troll skeletons (Volcano)
  2 electric eels (Lair:1)
  2 howler monkeys (D:10)
  A jelly (D:6)
  2 hounds
  A gnoll bouda (D:5)
  5 orc priests
  2 iguanas
  7 orc wizards
  6 hell rats (Lair:1)
  9 adders
  18 gnolls
  14 river rats (Lair:1)
  3 white imps
  2 ufetubi (D:6)
  5 worms
  41 orcs
  5 ball pythons
  6 bats
  4 endoplasms
  5 giant cockroaches
  5 goblins
  10 hobgoblins
  12 jackals
  14 kobolds
  10 quokkas
  A frilled lizard (D:2)
  15 rats
353 creatures vanquished.

Vanquished Creatures (others)
  A goblin (D:8)
  78 fulminant prisms
  6 fungi (Lair:2)
  24 plants
109 creatures vanquished.

Grand Total: 462 creatures vanquished

Notes
Turn   | Place    | Note
-------+----------+-------------------------------------------
     0 | D:1      | Shayle the Demonspawn Conjurer began the quest for the Orb.
     0 | D:1      | Reached XP level 1. HP: 13/13 MP: 3/3
   310 | D:1      | Gained mutation: You regenerate a little health from kills.
                  | [demonic ancestry]
   310 | D:1      | Reached XP level 2. HP: 20/20 MP: 3/5
   556 | D:1      | Found a faded altar of an unknown god.
  1010 | D:1      | Learned a level 2 spell: Searing Ray
  1246 | D:2      | Found Riot's Distillery.
  1254 | D:2      | Bought a potion of curing for 39 gold pieces
  1275 | D:2      | Reached XP level 3. HP: 25/25 MP: 3/6
  1331 | D:2      | Reached skill level 1 in Fighting
  1758 | D:2      | Gained mutation: Your touch may inflict minor irresistible
                  | damage on your foes. [demonic ancestry]
  1758 | D:2      | Reached XP level 4. HP: 32/32 MP: 0/7
  2149 | D:2      | Noticed Sigmund
  2590 | D:3      | Learned a level 3 spell: Dazzling Flash
  2788 | D:2      | Killed Sigmund
  2789 | D:2      | Gained mutation: Your movements are slightly less
                  | encumbered by armour. (ER -2) [demonic ancestry]
  2789 | D:2      | Reached XP level 5. HP: 35/38 MP: 4/9
  2897 | D:3      | Reached XP level 6. HP: 45/45 MP: 6/10
  3663 | D:2      | Bought a potion of heal wounds for 65 gold pieces
  3752 | D:4      | Reached skill level 5 in Conjurations
  4302 | D:4      | Reached XP level 7. HP: 52/52 MP: 2/12
  4896 | D:5      | Entered Level 5 of the Dungeon
  5038 | D:5      | Learned a level 4 spell: Fulminant Prism
  5573 | D:5      | Reached skill level 1 in Hexes
  5629 | D:5      | Found a staircase to the Ecumenical Temple.
  5638 | Temple   | Entered the Ecumenical Temple
  5755 | Temple   | Became a worshipper of Ashenzari the Shackled
  5825 | D:5      | Gained mutation: Your movements are less encumbered by
                  | armour. (ER -4) [demonic ancestry]
  5825 | D:5      | Reached XP level 8. HP: 56/60 MP: 5/14
  6669 | D:6      | Reached skill level 5 in Stealth
  7025 | D:7      | Reached skill level 1 in Fire Magic
  7086 | D:7      | Noticed a vault sentinel
  7086 | D:7      | Noticed a vault sentinel
  7162 | D:6      | Reached skill level 1 in Air Magic
  7181 | D:6      | Reached XP level 9. HP: 66/66 MP: 10/16
  7374 | D:6      | Reached skill level 5 in Spellcasting
  7637 | D:6      | Found a sacrificial altar of Ru.
  7722 | D:7      | Reached skill level 5 in Fighting
  7722 | D:7      | Reached skill level 5 in Dodging
  8099 | D:7      | Killed a vault sentinel
  8372 | D:7      | Killed a vault sentinel
  8554 | D:7      | Found the +18 shield of the Gong {Loud rN+ Will+ rCorr
                  | EV-5}
  8625 | D:7      | Reached * piety under Ashenzari
  9249 | D:8      | Found Nonis's Antique Weapon Boutique.
  9263 | D:8      | Found a flagged portal.
  9296 | D:8      | Gained mutation: Your movements are significantly less
                  | encumbered by armour. (ER -6) [demonic ancestry]
  9296 | D:8      | Reached XP level 10. HP: 26/76 MP: 12/18
  9301 | D:8      | Found a transporter.
  9323 | Bailey   | Entered a bailey
  9800 | Bailey   | Noticed an orc knight
 10126 | Bailey   | Learned a level 4 spell: Iskenderun's Mystic Blast
 10530 | Bailey   | Killed an orc knight
 10763 | D:8      | Found a transporter.
 10783 | D:8      | Noticed HilariousDeathArtist's ghost (novice MeGl)
 10785 | D:8      | Reached skill level 5 in Hexes
 11172 | D:8      | Identified the +1 leather armour of the Doldrums {rC- rN++
                  | Will- Int+3}
 11173 | D:8      | Identified the ring "Wibion" {AC+4 Str-2 Int+5}
 11209 | D:8      | Found a transporter.
 11209 | D:8      | Noticed a gargoyle
 11211 | D:8      | Noticed a tengu warrior
 11211 | D:8      | Noticed an orc knight
 11509 | D:8      | Found a transporter.
 11509 | D:8      | Identified the ring of Xom's Malicious Joy {Str+6 Slay+3}
 11904 | D:9      | Reached ** piety under Ashenzari
 11946 | D:9      | Noticed Joseph
 11957 | D:9      | Killed Joseph
 12348 | D:9      | Reached XP level 11. HP: 31/83 MP: 5/20
 12773 | D:10     | Entered Level 10 of the Dungeon
 13119 | D:10     | Identified the +5 war axe "Beastbane" {spect, rN+}
 13211 | D:10     | Paralysed by a kobold brigand for 3 turns
 13379 | D:10     | Found a staircase to the Lair.
 13849 | D:10     | Found a staircase to the Orcish Mines.
 13945 | D:10     | Found a runed translucent door.
 14027 | Lair:1   | Entered Level 1 of the Lair of Beasts
 14361 | Lair:1   | Reached skill level 5 in Fire Magic
 14361 | Lair:1   | Reached skill level 5 in Air Magic
 14550 | Lair:1   | Found a runed translucent door.
 14552 | Lair:1   | Noticed Lanacter's ghost (journeyman DsDe)
 14554 | Lair:1   | Identified the +6 spear of the Grave {holy, rF+ Will-
                  | Int+3}
 14554 | Lair:1   | Noticed a spriggan rider
 15277 | Lair:2   | Noticed Gastronok
 15277 | Lair:2   | Noticed a boulder beetle
 15462 | Lair:2   | Killed a boulder beetle
 15484 | Lair:2   | Killed Gastronok
 15715 | Lair:2   | Found a staircase to the Snake Pit.
 15728 | Lair:2   | Gained mutation: You may rarely emit foul miasma when
                  | damaged in melee. [demonic ancestry]
 15728 | Lair:2   | Reached XP level 12. HP: 74/92 MP: 8/23
 16279 | Lair:2   | Noticed Amaemon
 16298 | Lair:2   | Killed Amaemon
 16872 | Lair:3   | Found a dark tunnel.
 16881 | Volcano  | Entered a volcano
 16986 | Volcano  | Reached skill level 1 in Armour
 16995 | Volcano  | Slain by a skeletal warrior

Illustrated notes

Levels and vault maps discovered:
D:1:      reono_arrival_forest_river, layout_basic,
          shapermc_ecumenical_altar_mp_vishouse, reono_crystal_passage
D:2:      layout_loops_ring, serial_shops, nicolae_shop_hallway_stairs,
          minmay_pentomino_q2, uniq_sigmund
D:3:      layout_rooms
D:4:      layout_gridville
D:5:      layout_basic, minmay_temple_entry_trees
D:6:      layout_cave_pools, nicolae_ru_the_path_less_chosen,
          chequers_serial_rivers_micro_a
D:7:      layout_layer_cave, hellmonk_guarded_unrand_gong
D:8:      gammafunk_sealed_arena, layout_cave_pools, serial_shops, shop,
          gammafunk_ghost_arena, enter_bailey_5, nicolae_wwwww
D:9:      layout_roguey, uniq_joseph
D:10:     gammafunk_indiana_jones, layout_loops_ring, dpeg_oklobed_lair
Temple:   kilobyte_greek_temple
Lair:1:   lemuel_ratsnest, layout_long_grid, ebering_ghost_funeral_grove,
          serial_bayou_shore_a, lemuel_fruit_fields
Lair:2:   layout_chaotic_city, guppyfry_snake_entry_island,
          chequers_serial_rivers_large_b, grunt_forest_small_clearings,
          infiniplex_staircase_pool, uniq_amaemon, uniq_gastronok
Lair:3:   layout_gridlike, minmay_shoals_entry_centaurs,
          nicolae_volcano_entry_hallway, cheibrodos_lair_caveside_slide,
          lemuel_fruit_fields
Volcano:  volcano_tomb [vts_original]

Skill      XL: |  1  2  3  4  5  6  7  8  9 10 11 12 |
---------------+-------------------------------------+-----
Stealth        | 2 3 4 5 6 7 |  7.0
Dodging        | 2 3 4 5 6 7 8 |  8.1
Fighting       | 1 2 3 4 5 6 7 8 |  8.5
Spellcasting   | 3 4 5 6 7 8 |  8.3
Conjurations   | 5 6 |  6.2
Hexes          | 1 3 4 5 6 7 |  7.7
Fire Magic     | 1 3 4 5 6 |  6.6
Air Magic      | 1 2 4 5 6 |  6.6
Armour         | 1 |  1.1

Action                     |  1- 3 |  4- 6 |  7- 9 | 10-12 || total
---------------------------+-------+-------+-------+-------++-------
  Melee: Unarmed           |    37 |       |       |       ||    37
         Punch             |     1 |     1 |     4 |     3 ||     9
         Whip              |     5 |    55 |     8 |       ||    68
         Touch             |       |     5 |    15 |    46 ||    66
         Dagger            |       |       |     5 |       ||     5
         Trident           |       |       |    99 |   100 ||   199
         War axe           |       |       |       |   193 ||   193
  Throw: Dart              |       |       |       |     4 ||     4
         Throwing net      |       |       |       |     2 ||     2
   Cast: Magic Dart        |    50 |    45 |    59 |    26 ||   180
         Searing Ray       |     7 |    26 |    45 |    27 ||   105
         Dazzling Flash    |       |     1 |     5 |     4 ||    10
         Fulminant Prism   |       |       |     7 |    71 ||    78
         Iskenderun's Myst |       |       |       |    18 ||    18
 Invoke: Curse Item        |       |       |     2 |     2 ||     4
  Evoke: Wand              |       |       |     1 |    15 ||    16
    Use: Potion            |     3 |     3 |     3 |     7 ||    16
         Scroll            |     3 |     2 |     1 |     4 ||    10
   Stab: Sleeping          |     1 |       |     7 |     5 ||    13
         Distracted        |       |       |       |     1 ||     1
         Paralysed         |       |       |       |     2 ||     2
 Armour: Robe              |    14 |    25 |    69 |    34 ||   142
         Skin              |       |     9 |       |    68 ||    77
         Ring mail         |       |       |       |    66 ||    66
  Dodge: Dodged            |    44 |    47 |   109 |   294 ||   494
  Block: Other             |       |       |    29 |   114 ||   143
         Reflection        |       |       |     4 |     3 ||     7

Table legend: (Time is in decaauts)
 A = Elapsed time spent in this place.
 B = Non-inter-level travel time spent in this place.
 C = Inter-level travel time spent in this place.
 D = Time resting spent in this place.
 E = Time spent auto-exploring this place.
 F = Levels seen in this place.
 G = Mean time per level.
                   A        B        C        D        E       F      G
               +--------+--------+--------+--------+--------+-----+--------+
         Total |  17234 |  16810 |    424 |   3782 |   9268 |  16 | 1077.1 |
       Dungeon |  12579 |  12258 |    321 |   2355 |   7494 |  10 | 1257.9 |
        Temple |    155 |    117 |     38 |      0 |    105 |   1 |  155.0 |
          Lair |   2961 |   2897 |     64 |    692 |   1534 |   3 |  987.0 |
        Bailey |   1414 |   1414 |      0 |    727 |    135 |   1 | 1414.0 |
       Volcano |    124 |    124 |      0 |      8 |      0 |   1 |  124.0 |
               +--------+--------+--------+--------+--------+-----+--------+

Top non-repeatable levels by time:
     D:7: 1589 daAuts
     D:6: 1568 daAuts
  Lair:1: 1531 daAuts
     D:9: 1473 daAuts
     D:3: 1452 daAuts
  Bailey: 1414 daAuts
  Lair:2: 1336 daAuts
     D:1: 1213 daAuts
     D:2: 1180 daAuts
     D:4: 1072 daAuts
     D:8: 1045 daAuts
     D:5: 996 daAuts
    D:10: 988 daAuts
  Temple: 155 daAuts
 Volcano: 124 daAuts
